[Event "RUS-chT Blitz Women 2018"]
[Site "Sochi"]
[Date "2018.10.10"]
[Round "4"]
[White "Vifleemskaia, Svetlana"]
[Black "Kirchei, Viktoriia"]
[Result "1-0"]
[ECO "D30"]
[WhiteElo "2030"]
[BlackElo "2002"]
[Annotator "NA RC"]
[PlyCount "75"]
[EventDate "2018.10.10"]
[EventType "swiss"]
[EventCountry "RUS"]
[SourceTitle "playchess.com"]
[Source "ChessBase"]
[SourceQuality "1"]
[TimeControl "180+2"]

1. d4 d5 2. c4 e6 3. Nf3 c6 4. Qc2 dxc4 5. Qxc4 b5 6. Qc2 Bb7 7. e4 a6 8. Bd3 Nd7 9. O-O Ngf6 10. a4 b4 11. Bg5 Be7 12. Nbd2 Rc8 13. Nb3 c5 14. dxc5 Nxc5 15. Nxc5 Rxc5 16. Qe2 O-O 17. Rac1 Nd7 18. Bxe7 Qxe7 19. Bxa6 Bxa6 20. Qxa6 Rxc1 21. Rxc1 Nc5 22. Qc6 Nd3 23. Rc2 Rd8 24. g3 Qf6 25. Kg2 b3 26. Rc3 Nxb2 27. Rxb3 Nd3 28. Qc3 e5 29. Qc4 h6 30. Rxd3 Ra8 31. Ra3 g5 32. a5 g4 33. Nh4 Qg5 34. a6 Qd2 35. a7 Kg7 36. Qd5 Qb4 37. Qxa8 Qxa3 38. Qb7 1-0

[Event "RUS-chT Blitz Women 2018"]
[Site "Sochi"]
[Date "2018.10.10"]
[Round "4"]
[White "Mamontova, Anastasia"]
[Black "Ershova, Margarita"]
[Result "1-0"]
[ECO "A41"]
[WhiteElo "2009"]
[BlackElo "1511"]
[Annotator "NA RC"]
[PlyCount "94"]
[EventDate "2018.10.10"]
[EventType "swiss"]
[EventCountry "RUS"]
[SourceTitle "playchess.com"]
[Source "ChessBase"]
[SourceQuality "1"]
[TimeControl "180+2"]

1. d4 d6 2. c4 e5 3. d5 f5 4. Nc3 Nf6 5. Bg5 Be7 6. g3 h6 7. Bd2 b6 8. Qc2 O-O 9. Nf3 Nh7 10. Bh3 Ng5 11. Nxg5 Bxg5 12. O-O-O Bxd2+ 13. Rxd2 a5 14. Rg1 Na6 15. e4 Nb4 16. Qb3 fxe4 17. Bxc8 Qxc8 18. Nxe4 Qf5 19. Re1 Na6 20. Qe3 Nc5 21. Nxc5 bxc5 22. Rf1 Rab8 23. Qc3 a4 24. a3 Rb3 25. Qa5 Qh3 26. Rdd1 Rfb8 27. Qxc7 Rxb2 28. Qxd6 Rb1+ 29. Kd2 R8b2+ 30. Ke3 Rb3+ 31. Ke4 Qg4+ 32. Kxe5 Rxd1 33. Rxd1 Qxd1 34. Qd8+ Kh7 35. Kd6 Rxa3 36. Kxc5 Qf3 37. Qd7 Qxf2+ 38. Kc6 Rb3 39. c5 Rc3 40. Kb7 Qxc5 41. Qf5+ Kg8 42. Qe6+ Kf8 43. Qf5+ Ke8 44. Qg6+ Kd8 45. Qxg7 Qb5+ 46. Ka7 Rc7+ 47. Qxc7+ Kxc7 1-0

[Event "RUS-chT Blitz Women 2018"]
[Site "Sochi"]
[Date "2018.10.10"]
[Round "4"]
[White "Bondareva, Daria"]
[Black "Shendrik, Zhanna"]
[Result "1-0"]
[ECO "B21"]
[WhiteElo "1979"]
[BlackElo "1934"]
[Annotator "NA RC"]
[PlyCount "111"]
[EventDate "2018.10.10"]
[EventType "swiss"]
[EventCountry "RUS"]
[SourceTitle "playchess.com"]
[Source "ChessBase"]
[SourceQuality "1"]
[TimeControl "180+2"]

1. e4 c5 2. d4 cxd4 3. c3 e6 4. cxd4 Nf6 5. Nc3 a6 6. Be2 b5 7. Bf3 Bb7 8. e5 Nd5 9. Nxd5 exd5 10. Ne2 d6 11. exd6 Bxd6 12. O-O O-O 13. Kh1 Nd7 14. Nc3 Nb6 15. Qb3 Qh4 16. g3 Qxd4 17. Bg2 Nc4 18. a4 b4 19. Ne2 Qg4 20. Nf4 Bxf4 21. Bxf4 a5 22. Rad1 Rfd8 23. Rd4 Qe2 24. Rfd1 Qxb2 25. Qd3 Qc3 26. Qxc3 bxc3 27. Bc1 Bc6 28. Bxd5 Bxd5+ 29. Rxd5 Rxd5 30. Rxd5 Rb8 31. Rc5 Nb6 32. Rxa5 h6 33. Kg2 Nc4 34. Rc5 Nb6 35. a5 Na4 36. Rc4 Nb2 37. Rxc3 Ra8 38. Bxb2 Rxa5 39. Rc8+ Kh7 40. Rc7 Kg6 41. Bc3 Rb5 42. Rc6+ Kh7 43. Bd4 Rd5 44. Be3 Rb5 45. h4 Rd5 46. g4 Rd7 47. Kg3 Rd5 48. g5 hxg5 49. hxg5 Rb5 50. f4 Rb3 51. Kf3 Rb4 52. f5 Rb5 53. Kg4 Rb4+ 54. Bf4 Ra4 55. g6+ fxg6 56. fxg6+ 1-0

[Event "RUS-chT Blitz Women 2018"]
[Site "Sochi"]
[Date "2018.10.10"]
[Round "4"]
[White "Girshgorn, Maria"]
[Black "Zavivaeva, Evelina"]
[Result "1-0"]
[ECO "A04"]
[WhiteElo "1949"]
[BlackElo "1323"]
[Annotator "NA RC"]
[PlyCount "107"]
[EventDate "2018.10.10"]
[EventType "swiss"]
[EventCountry "RUS"]
[SourceTitle "playchess.com"]
[Source "ChessBase"]
[SourceQuality "1"]
[TimeControl "180+2"]

1. Nf3 Nc6 2. g3 e5 3. Bg2 d5 4. d3 Nf6 5. O-O Bf5 6. Nbd2 Bd6 7. c4 e4 8. Nh4 Be6 9. dxe4 dxe4 10. Nxe4 Nxe4 11. Bxe4 Bxc4 12. Nf5 O-O 13. Qc2 Be6 14. Nxd6 Qxd6 15. Bxh7+ Kh8 16. Bf4 Qd7 17. Rfd1 Qe7 18. Be4 Bd7 19. Bxc7 Rac8 20. Bd6 Qe8 21. Bxf8 Nb4 22. Qd2 Qxe4 23. Qxd7 Rxf8 24. Qd4 Qxd4 25. Rxd4 Nc2 26. Rh4+ Kg8 27. Rc1 Rc8 28. Rh5 g6 29. Rd5 Rc6 30. Rd2 Nb4 31. Rxc6 Nxc6 32. Rd7 a6 33. Rxb7 Kg7 34. Rb6 Nd4 35. Kf1 a5 36. Ra6 Nb5 37. Rxa5 Nc7 38. b4 Ne6 39. b5 Nc5 40. b6 Nb7 41. Ra7 Nc5 42. b7 Nxb7 43. Rxb7 Kf6 44. a4 Ke6 45. a5 Kd6 46. a6 Kc6 47. Rb1 Kc7 48. a7 Kd7 49. a8=Q g5 50. Qd5+ Ke7 51. Rb7+ Kf6 52. Rxf7+ Kg6 53. Qe6+ Kh5 54. Rh7# 1-0

[Event "RUS-chT Blitz Women 2018"]
[Site "Sochi"]
[Date "2018.10.10"]
[Round "4"]
[White "Fairuzova, Zulfiiya"]
[Black "Mukhina, Jana"]
[Result "0-1"]
[ECO "E62"]
[WhiteElo "1847"]
[BlackElo "2072"]
[Annotator "NA RC"]
[PlyCount "72"]
[EventDate "2018.10.10"]
[EventType "swiss"]
[EventCountry "RUS"]
[SourceTitle "playchess.com"]
[Source "ChessBase"]
[SourceQuality "1"]
[TimeControl "180+2"]

1. d4 Nf6 2. Nf3 g6 3. g3 Bg7 4. Bg2 O-O 5. O-O d6 6. c4 Nc6 7. Nc3 e5 8. e4 Bg4 9. Be3 Nd7 10. d5 Nd4 11. Bxd4 exd4 12. Ne2 Bxf3 13. Bxf3 Ne5 14. Nxd4 Nxc4 15. b3 Ne5 16. Bg2 c5 17. dxc6 Nxc6 18. Nxc6 bxc6 19. Rc1 Rc8 20. Qd3 Qe7 21. Rc2 c5 22. Rd1 Bd4 23. Re2 Qc7 24. Ree1 Qa5 25. a4 Rb8 26. Rb1 Rb4 27. Red1 Rfb8 28. Qc2 Qb6 29. Bf1 Rxb3 30. Rxb3 Qxb3 31. Qxb3 Rxb3 32. Bc4 Rb2 33. Rf1 Rb4 34. Bb5 a6 35. Bxa6 Rxa4 36. Rc1 Rxa6 0-1

[Event "RUS-chT Blitz Women 2018"]
[Site "Sochi"]
[Date "2018.10.10"]
[Round "4"]
[White "Zavivaeva, Emilia"]
[Black "Vyrtosu, Natalia"]
[Result "0-1"]
[ECO "B13"]
[WhiteElo "1633"]
[BlackElo "1894"]
[Annotator "NA"]
[PlyCount "66"]
[EventDate "2018.10.10"]
[EventType "swiss"]
[EventCountry "RUS"]
[SourceTitle "playchess.com"]
[Source "ChessBase"]
[SourceQuality "1"]
[TimeControl "180+2"]

1. e4 c6 2. d4 d5 3. exd5 cxd5 4. Bd3 Nc6 5. c3 Nf6 6. Bf4 g6 7. Nd2 Bf5 8. Bxf5 gxf5 9. Ngf3 e6 10. Ne5 Rg8 11. Qa4 Qb6 12. Nb3 Nh5 13. g3 Nxf4 14. gxf4 f6 15. Nxc6 bxc6 16. O-O-O Bd6 17. Qa5 Bxf4+ 18. Kb1 O-O-O 19. Rhe1 e5 20. dxe5 fxe5 21. h4 Rg2 22. Rf1 Qxa5 23. Nxa5 Kc7 24. c4 d4 25. c5 e4 26. Nc4 d3 27. Rde1 Rh2 28. Rd1 Rxh4 29. f3 e3 30. Rfe1 e2 31. Rxd3 Rxd3 32. Rxe2 Rh2 33. Re8 Rd1# 0-1

[Event "RUS-chT Blitz Women 2018"]
[Site "Sochi"]
[Date "2018.10.10"]
[Round "5"]
[White "Girya, Olga"]
[Black "Dordzhieva, Dinara"]
[Result "1-0"]
[ECO "D45"]
[WhiteElo "2479"]
[BlackElo "2340"]
[Annotator "RC"]
[PlyCount "89"]
[EventDate "2018.10.10"]
[EventType "swiss"]
[EventCountry "RUS"]
[SourceTitle "playchess.com"]
[Source "ChessBase"]
[SourceQuality "1"]
[TimeControl "180+2"]

1. d4 d5 2. c4 e6 3. Nc3 Nf6 4. Nf3 c6 5. e3 Nbd7 6. Qc2 Bd6 7. b3 O-O 8. Bb2 b6 9. Bd3 c5 10. cxd5 exd5 11. O-O Bb7 12. Rad1 Rc8 13. Qb1 Re8 14. Bf5 Rb8 15. Rfe1 a6 16. Rc1 Bf8 17. Red1 Qe7 18. Na4 g6 19. Bh3 Rbd8 20. Ba3 Qe4 21. dxc5 Qxb1 22. Rxb1 bxc5 23. Rbc1 c4 24. Bxf8 Nxf8 25. Nd4 cxb3 26. axb3 Bc8 27. Nc6 Bxh3 28. Nxd8 Bg4 29. f3 Rxd8 30. fxg4 Nxg4 31. Rd3 Re8 32. h3 Nxe3 33. Re1 d4 34. Rxd4 f5 35. Nb2 Re5 36. Nd1 Nc4 37. Rxe5 Nxe5 38. Ra4 Nc6 39. Rxa6 Nd4 40. b4 Nfe6 41. b5 Nc5 42. Ra8+ Kf7 43. b6 Nde6 44. Ra7+ Kf6 45. b7 1-0

[Event "RUS-chT Blitz Women 2018"]
[Site "Sochi"]
[Date "2018.10.10"]
[Round "5"]
[White "Nebolsina, Vera"]
[Black "Maletina, Tatiana"]
[Result "0-1"]
[ECO "C01"]
[WhiteElo "2220"]
[BlackElo "2270"]
[Annotator "NA"]
[PlyCount "140"]
[EventDate "2018.10.10"]
[EventType "swiss"]
[EventCountry "RUS"]
[SourceTitle "playchess.com"]
[Source "ChessBase"]
[SourceQuality "1"]
[TimeControl "180+2"]

1. e4 e6 2. d4 d5 3. exd5 exd5 4. Nf3 Bd6 5. c4 Nf6 6. Nc3 O-O 7. Be2 dxc4 8. Bxc4 Bg4 9. O-O h6 10. Qd3 Nc6 11. Ne2 Nb4 12. Qb3 c6 13. h3 Bxf3 14. Qxf3 Nbd5 15. Nf4 Nxf4 16. Bxf4 Bxf4 17. Qxf4 Qd7 18. Rad1 Rad8 19. Rfe1 Rfe8 20. Re3 Nd5 21. Bxd5 Qxd5 22. a3 c5 23. Rxe8+ Rxe8 24. Qg4 b6 25. dxc5 Qxc5 26. Qd4 Re1+ 27. Kh2 Rxd1 28. Qxd1 Qxf2 29. Qd8+ Kh7 30. Qd3+ g6 31. Qd7 a5 32. b4 axb4 33. axb4 h5 34. b5 h4 35. Qd6 g5 36. Qd3+ Kh6 37. Qd6+ Kg7 38. Qd7 Kg6 39. Qd3+ Kg7 40. Qd7 Qf4+ 41. Kh1 Qf6 42. Qd5 Kh6 43. Qa8 Qf1+ 44. Kh2 Qxb5 45. Qh8+ Kg6 46. Qg8+ Kf6 47. Qh8+ Ke7 48. Qb8 f6 49. Qc7+ Ke6 50. Qc8+ Qd7 51. Qc4+ Ke7 52. Qg8 Qe6 53. Qh7+ Kd6 54. Qb7 Kc5 55. Qc7+ Kb4 56. Qc2 Qe5+ 57. Kh1 b5 58. Qd2+ Ka3 59. Qd3+ Ka4 60. Qc2+ Ka5 61. Qd2+ b4 62. Qd8+ Ka4 63. Qa8+ Kb3 64. Qf3+ Ka2 65. Qa8+ Kb1 66. Qa4 Qc3 67. Kh2 b3 68. Qe4+ Ka2 69. Qa4+ Kb2 70. Qe4 Qe5+ 0-1

[Event "RUS-chT Blitz Women 2018"]
[Site "Sochi"]
[Date "2018.10.10"]
[Round "8"]
[White "Goncharova, Natalia Olegovna"]
[Black "Sirotkina, Elizaveta"]
[Result "1-0"]
[ECO "B53"]
[WhiteElo "2249"]
[BlackElo "1234"]
[Annotator "RC"]
[PlyCount "104"]
[EventDate "2018.10.10"]
[EventType "swiss"]
[EventCountry "RUS"]
[SourceTitle "playchess.com"]
[Source "ChessBase"]
[SourceQuality "1"]
[TimeControl "180+2"]

1. e4 c5 2. Nf3 d6 3. d4 cxd4 4. Qxd4 Nc6 5. Bb5 Bd7 6. Bxc6 Bxc6 7. c4 Nf6 8. Nc3 e6 9. O-O Be7 10. Rd1 O-O 11. Bg5 h6 12. Bh4 Qc7 13. Rac1 Rad8 14. e5 dxe5 15. Qxe5 Qxe5 16. Nxe5 Rxd1+ 17. Rxd1 Rc8 18. Nxc6 Rxc6 19. b3 Ne4 20. Bxe7 Nxc3 21. Rd2 Rc7 22. Bb4 Ne4 23. Rd4 Nf6 24. f3 Rd7 25. Rxd7 Nxd7 26. Kf2 Ne5 27. Ke3 f6 28. h3 Kf7 29. f4 Nc6 30. Bc3 Ke7 31. a3 Kd6 32. b4 e5 33. fxe5+ Nxe5 34. c5+ Ke6 35. Bxe5 Kxe5 36. Kd3 g5 37. g4 Kd5 38. a4 a6 39. Kc3 a5 40. Kb3 Kd4 41. c6 bxc6 42. bxa5 Kc5 43. a6 Kb6 44. Kb4 c5+ 45. Kc4 Kxa6 46. Kxc5 Ka5 47. Kd6 Kxa4 48. Ke6 Kb4 49. Kxf6 Kc4 50. Kg6 Kd4 51. Kxh6 Ke5 52. Kxg5 Kd5 1-0

[Event "RUS-chT Blitz Women 2018"]
[Site "Sochi"]
[Date "2018.10.10"]
[Round "8"]
[White "Ershova, Margarita"]
[Black "Sarvarova, Alisa"]
[Result "1-0"]
[ECO "D00"]
[WhiteElo "1511"]
[BlackElo "1216"]
[Annotator "NA"]
[PlyCount "69"]
[EventDate "2018.10.10"]
[EventType "swiss"]
[EventCountry "RUS"]
[SourceTitle "playchess.com"]
[Source "ChessBase"]
[SourceQuality "1"]
[TimeControl "180+2"]

1. d4 d5 2. Nc3 Nf6 3. Bf4 Nc6 4. Nb5 e5 5. dxe5 Nxe5 6. Bxe5 Bd6 7. Nxd6+ cxd6 8. Bxf6 Qxf6 9. c3 O-O 10. Qxd5 Re8 11. e3 Qg6 12. Bd3 Qg4 13. Qf3 Qe6 14. Ne2 Bd7 15. O-O Bc6 16. Qg3 Qd5 17. Nf4 Qe5 18. Bc2 Rad8 19. Rad1 Qb5 20. Bb3 Qe5 21. Ne2 Qe4 22. Nf4 Qf5 23. Rd2 Re7 24. Rfd1 Red7 25. Bd5 Bxd5 26. Rxd5 Rc7 27. Rxf5 h6 28. Nd5 Rcd7 29. Nf6+ Kf8 30. Nxd7+ Rxd7 31. Rxd6 Rc7 32. Rd8+ Ke7 33. Qxc7+ Ke6 34. Re5+ Kf6 35. Qd6# 1-0

[Event "RUS-chT Blitz Women 2018"]
[Site "Sochi"]
[Date "2018.10.10"]
[Round "8"]
[White "Khusneeva, Alina"]
[Black "Fairuzova, Zulfiiya"]
[Result "0-1"]
[ECO "C41"]
[WhiteElo "1066"]
[BlackElo "1847"]
[Annotator "NA"]
[PlyCount "62"]
[EventDate "2018.10.10"]
[EventType "swiss"]
[EventCountry "RUS"]
[SourceTitle "playchess.com"]
[Source "ChessBase"]
[SourceQuality "1"]
[TimeControl "180+2"]

1. e4 e5 2. Nf3 d6 3. Bb5+ Bd7 {[%emt 0:00:01] C41: Philidor Defence} (3... Nd7 4. O-O a6 5. Bxd7+ Bxd7 6. Re1 c5 7. c3 c4 8. b3 b5 9. d3 cxd3 10. Qxd3 h6 11. Ba3 {0-1 (41) Ma,Q (2475)-Zeng,C (2400) Chennai 2012}) 4. Bxd7+ Qxd7 5. O-O Nf6 6. d3 Be7 7. c3 $146 ({Predecessor:} 7. d4 exd4 8. Nxd4 Nxe4 9. Qe1 Nf6 10. Bg5 O-O 11. Bxf6 Bxf6 {0-1 (55) Sobreviela Batlle,A-Vicente Bessen,K (1558) Santa Eulalia de Roncana 2008}) 7... O-O 8. Re1 Nc6 9. d4 Rfe8 10. Nbd2 Bf8 11. Qc2 a6 12. Nf1 g6 13. Ng3 Bg7 14. Rd1 Qe7 15. d5 Nb8 16. c4 Nbd7 17. b3 a5 18. Bb2 Nc5 19. Re1 Rf8 20. h3 $11 Nfd7 21. Nd2 f6 22. Nf3 Qf7 23. Nd2 f5 24. exf5 gxf5 25. Nf3 f4 26. Ne4 Nxe4 27. Qxe4 Nc5 28. Qc2 Bf6 29. Rad1 Kh8 30. Kh1 Rg8 31. Kg1 Qg7 0-1

[Event "RUS-chT Blitz Women 2018"]
[Site "Sochi"]
[Date "2018.10.10"]
[Round "10"]
[White "Charochkina, Daria"]
[Black "Vifleemskaia, Svetlana"]
[Result "1-0"]
[ECO "A40"]
[WhiteElo "2344"]
[BlackElo "2030"]
[Annotator "ChessBase"]
[PlyCount "95"]
[EventDate "2018.10.10"]
[EventType "swiss"]
[EventCountry "RUS"]
[SourceTitle "playchess.com"]
[Source "ChessBase"]
[SourceQuality "1"]
[TimeControl "180+2"]

1. d4 Nc6 2. g3 d5 3. Bg2 Bf5 4. Nf3 Qd7 5. c3 f6 6. Bf4 g5 7. Be3 Bh3 8. Bxh3 Qxh3 9. Qb3 O-O-O 10. Nbd2 Nh6 11. O-O-O Nf5 12. Nf1 g4 13. Ne1 Bh6 14. Bxh6 Qxh6+ 15. Kb1 Qg6 16. Ka1 Nd6 17. Qxd5 Ne4 18. Qe6+ Kb8 19. Nd3 Rd6 20. Qb3 Rhd8 21. Ne3 e5 22. dxe5 fxe5 23. Nc4 Rd5 24. Ndxe5 Nxe5 25. Nxe5 Qd6 26. Rxd5 Qxd5 27. Qxd5 Rxd5 28. Nxg4 Rd2 29. Re1 h5 30. f3 hxg4 31. fxe4 c5 32. Kb1 Kc7 33. Kc1 Rd7 34. Rf1 Rh7 35. Rf2 Kd6 36. Kd2 Ke5 37. Ke3 b6 38. Rf4 Rxh2 39. Rxg4 Rh1 40. Rg7 Rb1 41. b3 a5 42. Rb7 Rb2 43. Rxb6 Rxa2 44. Rb5 Kd6 45. e5+ Kc6 46. e6 Ra1 47. Rxc5+ Kd6 48. Re5 1-0

[Event "RUS-chT Blitz Women 2018"]
[Site "Sochi"]
[Date "2018.10.10"]
[Round "11"]
[White "Faizutdinova, Diana"]
[Black "Girshgorn, Maria"]
[Result "0-1"]
[ECO "A16"]
[WhiteElo "2061"]
[BlackElo "1949"]
[Annotator "NA RC"]
[PlyCount "116"]
[EventDate "2018.10.10"]
[EventType "swiss"]
[EventCountry "RUS"]
[SourceTitle "playchess.com"]
[Source "ChessBase"]
[SourceQuality "1"]
[TimeControl "180+2"]

1. c4 Nf6 2. Nc3 g6 3. g3 Bg7 4. Bg2 O-O 5. d3 d6 6. e3 Nbd7 7. Nge2 e5 8. O-O a5 9. b3 c6 10. d4 Qe7 11. e4 exd4 12. Nxd4 Nc5 13. Re1 Bg4 14. f3 Bd7 15. Bb2 Rfe8 16. Qd2 Rad8 17. Rad1 Be6 18. Nxe6 Nxe6 19. Ne2 Qc7 20. Bc3 a4 21. b4 b5 22. Qb2 Nd7 23. Bxg7 Nxg7 24. cxb5 cxb5 25. Nf4 Nb6 26. h4 Ne6 27. Nd5 Nxd5 28. Rxd5 Qa7+ 29. Kh2 Nc7 30. Rdd1 Qb6 31. Qd4 Qxd4 32. Rxd4 d5 33. Red1 Rd6 34. exd5 Red8 35. f4 Kg7 36. a3 f5 37. R4d2 Kf6 38. Re1 Nxd5 39. Red1 Ke6 40. Re1+ Kf6 41. Rc2 Nb6 42. Rc5 Nc4 43. Rxb5 Nxa3 44. Ra5 Rd2 45. Rxa4 Ra2 46. Ra6+ Kf7 47. Rc1 Ke8 48. Rc7 Ra1 49. Bc6+ Kf8 50. Bd5 Nc2 51. Rf6+ Ke8 52. Bf7+ Kf8 53. Bb3+ Ke8 54. Bf7+ Kf8 55. Bxg6+ Kg8 56. Bf7+ Kh8 57. Be6 Rd2+ 58. Kh3 Rh1# 0-1

[Event "RUS-chT Blitz Women 2018"]
[Site "Sochi"]
[Date "2018.10.10"]
[Round "13"]
[White "Mukhina, Jana"]
[Black "Shestakova, Ekaterina"]
[Result "1-0"]
[ECO "B31"]
[WhiteElo "2072"]
[BlackElo "1886"]
[Annotator "NA RC"]
[PlyCount "143"]
[EventDate "2018.10.10"]
[EventType "swiss"]
[EventCountry "RUS"]
[SourceTitle "playchess.com"]
[Source "ChessBase"]
[SourceQuality "1"]
[TimeControl "180+2"]

1. e4 c5 2. Nf3 Nc6 3. Bb5 g6 4. Bxc6 bxc6 5. O-O Bg7 6. Re1 Nf6 7. e5 Nd5 8. c4 Nc7 9. d4 cxd4 10. Qxd4 d5 11. Qh4 O-O 12. Bh6 Ne6 13. cxd5 cxd5 14. Ng5 Nxg5 15. Bxg5 f6 16. exf6 exf6 17. Bh6 Bf5 18. Bxg7 Kxg7 19. Qd4 Re8 20. Nc3 Qd7 21. Qxd5 Qxd5 22. Nxd5 Rad8 23. Ne3 Be6 24. Rad1 Bxa2 25. Rxd8 Rxd8 26. Ra1 Bf7 27. Rxa7 Rb8 28. Nd1 Rb3 29. h3 f5 30. Ra1 Bd5 31. Ne3 Bf7 32. Nd1 Bd5 33. Rc1 Bf7 34. Rc2 Kf6 35. Rd2 Kg7 36. Nc3 h6 37. f4 g5 38. g3 gxf4 39. gxf4 h5 40. Kf2 Kf6 41. Rd6+ Be6 42. Rd2 Bf7 43. Kg3 Kg7 44. Kh4 Rb4 45. Rf2 Bg6 46. Kg5 Rb3 47. Rd2 Rb7 48. Ne2 Kh7 49. Nd4 Kg7 50. Nxf5+ Bxf5 51. Kxf5 Rb5+ 52. Ke4 Kf6 53. Rd6+ Ke7 54. Rh6 Rxb2 55. Rxh5 Re2+ 56. Kf5 Kf7 57. Rh7+ Kg8 58. Ra7 Rg2 59. h4 Rh2 60. Kg5 Rg2+ 61. Kf6 Rh2 62. Ra8+ Kh7 63. f5 Rxh4 64. Kf7 Rf4 65. f6 Kh6 66. Ra1 Kg5 67. Rg1+ Kh6 68. Ke7 Re4+ 69. Kf8 Rf4 70. f7 Re4 71. Rg2 Re5 72. Kg8 1-0

[Event "RUS-chT Blitz Women 2018"]
[Site "Sochi"]
[Date "2018.10.10"]
[Round "13"]
[White "Soboleva, Anastasia"]
[Black "Mamontova, Anastasia"]
[Result "1-0"]
[ECO "B13"]
[WhiteElo "1769"]
[BlackElo "2009"]
[Annotator "NA RC"]
[PlyCount "83"]
[EventDate "2018.10.10"]
[EventType "swiss"]
[EventCountry "RUS"]
[SourceTitle "playchess.com"]
[Source "ChessBase"]
[SourceQuality "1"]
[TimeControl "180+2"]

1. e4 c6 2. d4 d5 3. exd5 cxd5 4. Bd3 Nc6 5. c3 Nf6 6. h3 Qc7 7. Nf3 e5 8. dxe5 Nxe5 9. Qe2 Ne4 10. Nxe5 Qxe5 11. f3 Qg3+ 12. Kd1 f5 13. fxe4 dxe4 14. Bb5+ Kf7 15. Qc4+ Be6 16. Qe2 Rd8+ 17. Kc2 Be7 18. Rf1 g6 19. Bf4 Qh4 20. Be5 Rhf8 21. Nd2 Qg5 22. Bf4 Qf6 23. Rad1 a6 24. Bc4 b5 25. Bxe6+ Qxe6 26. Kb1 g5 27. Bc7 Rd7 28. Ba5 Kg8 29. Nb3 Rxd1+ 30. Rxd1 f4 31. Nd4 Qf6 32. c4 bxc4 33. Qxc4+ Kh8 34. Ne6 Re8 35. Bc3 e3 36. Bxf6+ Bxf6 37. Re1 Rb8 38. b3 Re8 39. h4 h6 40. hxg5 Bxg5 41. Qd4+ Kh7 42. Qg7# 1-0